 Dungeon Crawl Stone Soup version 0.26.1-11-gd32895ea62 (webtiles) character file.

Game seed: 4864449541758872745

51 Zeld the Sneak (level 3, -7/24 HPs)
             Began as an Octopode Brigand on May 13, 2021.
             Mangled by Sigmund
             ... wielding a cursed +0 scythe
              (12 damage)
             ... on level 2 of the Dungeon.
             The game lasted 00:01:24 (1598 turns).

Zeld the Sneak (Octopode Brigand)                   Turns: 1598, Time: 00:01:24

Health: -7/24      AC:  1    Str: 11    XL:     3   Next: 81%
Magic:  3/3        EV: 13    Int: 13    God:
Gold:   27         SH:  0    Dex: 13    Spells: 2/2 levels left

rFire    . . .     SeeInvis .   a - +2 dagger
rCold    . . .     Faith    .   (no shield)
rNeg     . . .     Spirit   .   (helmet restricted)
rPois    .         Reflect  .   (no amulet)
rElec    .         Harm     .   (no ring)
rCorr    .         Rampage  .   (no ring)
Will     .....                  (no ring)
Stlth    ++........             (no ring)
HPRegen  0.08/turn              (no ring)
MPRegen  0.08/turn              (no ring)
                                (no ring)
                                (no ring)

@: confused
A: almost no armour, stealthy swim, amphibious, 8 rings, constrict 8, camouflage
1, gelatinous body 1
a: no special abilities


You were on level 2 of the Dungeon.
You visited 1 branch of the dungeon, and saw 2 of its levels.

You collected 27 gold pieces.

Inventory:

Hand Weapons
 a - a +2 dagger (weapon)
Missiles
 b - 8 poisoned darts (quivered)
 c - 2 curare-tipped darts
Jewellery
 e - an uncursed amulet of magic regeneration {unknown}
 l - a cursed ring of teleportation {unknown}
 o - a +4 ring of protection {unknown}
Scrolls
 f - a scroll of magic mapping {unknown}
 h - a scroll of identify {unknown}
 k - a scroll of fog {unknown}
 m - a scroll of remove curse {unknown}
 n - a scroll of blinking {unknown}
 p - a scroll of teleportation {unknown}
Potions
 d - a potion of haste {unknown}
 g - 2 potions of brilliance {unknown}
 i - 2 potions of lignification {unknown}
 j - a potion of degeneration {unknown}
 q - a potion of curing {unknown}


   Skills:
 - Level 2.0 Fighting
 - Level 2.0 Short Blades
 * Level 4.0 Throwing
 - Level 1.0 Dodging
 - Level 5.3 Stealth


You had 2 spell levels left.
You didn't know any spells.
Your spell library was empty.

Dungeon Overview and Level Annotations

Branches:
Dungeon (2/15)

Altars:

Annotations:
D:2 Sigmund


Innate Abilities, Weirdness & Mutations

You cannot wear most types of armour.
You are very stealthy in the water. (Stealth+)
You are amphibious.
You can wear up to eight rings at the same time.
You can use your tentacles to constrict eight enemies at once.
Your skin changes colour to match your surroundings (Stealth+).
Your rubbery body absorbs attacks. (AC +1, EV +1)


Message History

a +0 short sword; a stone; a kobold corpse Sigmund misses you.
You closely miss Sigmund. Your grab misses Sigmund.
Sigmund points at you and mumbles some strange words.
You resist with significant effort.
Things that are here:
a +0 short sword; a stone; a kobold corpse Sigmund gestures at you while chanting.
You are confused.
Sigmund points at you and mumbles some strange words.
The puff of flame hits you!
You're too confused to move!
Sigmund barely misses you. The kobold barely misses you.
Sigmund hits you from afar with a cursed +0 scythe!
* * * LOW HITPOINT WARNING * * *
The kobold closely misses you.
You closely miss the kobold. Your squeeze misses the kobold.
Sigmund hits you with a cursed +0 scythe!
Ouch! That really hurt!
You die...

#. . #. #. ##.# ######.
.#.##.##...## #<....# #
..[..#.#.#.######(##.##
#. .#...............###.#
#.. . ...#.#...####.# ##.
#.#.#.#.#...........# ##
......#.##.#...####.#####
##......@.....## #......
#......@K..#### ###...#
##.#.##.##############.##
#. #.# #.....†.##.# #.#
#.#####.##.# #?#
####.##.## #.# #.........
#.# #.##†##.## #.#
#.##.##.#


You could see Sigmund and a kobold.

Vanquished Creatures
  2 oozes (D:1)
  3 dart slugs (D:1)
  A giant cockroach (D:2)
  4 hobgoblins (D:1)
  A jackal (D:1)
  8 kobolds
  A quokka (D:2)
  2 ball pythons (D:1)
  5 bats (D:1)
  7 goblins (D:1)
  2 rats
36 creatures vanquished.

Notes
Turn   | Place    | Note
-------+----------+-------------------------------------------
     0 | D:1      | Zeld the Octopode Brigand began the quest for the Orb.
     0 | D:1      | Reached XP level 1. HP: 14/14 MP: 1/1
   472 | D:1      | Reached XP level 2. HP: 19/19 MP: 2/2
   786 | D:1      | Reached XP level 3. HP: 24/24 MP: 3/3
  1584 | D:2      | Noticed Sigmund
  1598 | D:2      | Mangled by Sigmund

Illustrated notes

Levels and vault maps discovered:
D:1:      dpeg_arrival_rooms_a, layout_basic, interstate_on_off,
          minmay_nonomino_d4
D:2:      layout_loops_ring, kennysheep_okawaru_gauntlet, uniq_jessica,
          uniq_sigmund

Skill      XL: |  1  2  3 |
---------------+----------+-----
Throwing       | 3 4 |  4.0
Fighting       | |  2.0
Short Blades   | |  2.0
Dodging        | |  1.0
Stealth        | |  5.3

Action                   || total
-------------------------++-------
Melee: Dagger            ||    72
       Constrict         ||    12
       Tentacles         ||    12
 Stab: Sleeping          ||     9
       Distracted        ||     1
Armor: Skin              ||     9
Dodge: Dodged            ||    41
